 Dungeon Crawl Stone Soup version 0.29.0-4-gdea44cf6ec (webtiles) character file.

Game seed: 8410331063557124879

296 qw the Chopper (level 6, -1/35 HPs)
             Began as a Tengu Warper on Aug 28, 2022.
             Slain by Duvessa
             ... wielding a +2 short sword of speed
              (5 damage)
             ... on level 4 of the Dungeon.
             The game lasted 00:00:21 (3010 turns).

qw the Chopper (Tengu Warper)                       Turns: 3010, Time: 00:00:22

Health: -1/35      AC: 13    Str: 13    XL:     6   Next: 35%
Magic:  10/10      EV:  7    Int: 14    God:
Gold:   193        SH:  0    Dex: 16    Spells: 9/9 levels left

rFire   . . .      SeeInvis .   Y - +1 hand axe (flame)
rCold   . . .      Faith    .   (no shield)
rNeg    . . .      Spirit   .   j - +0 chain mail of Syumaer {Dex+3}
rPois   .          Reflect  .   (helmet restricted)
rElec   .          Harm     .   (no cloak)
rCorr   .          Rampage  .   e - +0 pair of gloves
Will    .....                   (boots unavailable)
Stlth   ..........              (no amulet)
HPRegen 0.11/turn               i - +4 ring of protection
MPRegen 0.12/turn               (no ring)

@: about to teleport, flying quickly and evasively, quick
A: beak, talons 3, nimble flight
a: no special abilities


You were on level 4 of the Dungeon.
You visited 1 branch of the dungeon, and saw 4 of its levels.

You collected 193 gold pieces.


Innate Abilities, Weirdness & Mutations

You have a beak for a mouth.
You have claws for feet.
Your magical nature lets you fly swiftly and evasively.


   Skills:
 - Level 2.0 Fighting
 + Level 6.9 Axes
 - Level 1.0 Throwing
 - Level 2.1 Armour
 - Level 2.1 Dodging
 - Level 2.0 Spellcasting
 - Level 2.4 Translocations


You had 9 spell levels left.
You didn't know any spells.
Your spell library contained the following spells:

 Spells                   Type           Power      Damage    Failure   Level
 Blink                    Tloc           16%        N/A       99%         2
 Gell's Gravitas          Tloc           8%         N/A       100%        3
 Lesser Beckoning         Tloc           8%         N/A       100%        3
 Teleport Other           Tloc           8%         N/A       100%        3
 Manifold Assault         Tloc           8%         N/A       100%        5

Inventory:

Hand Weapons
 Y - a +1 hand axe of flaming (weapon)
Missiles
 g - 2 boomerangs (quivered)
 h - a javelin
Armour
 e - a +0 pair of gloves (worn)
 j - the +0 chain mail of Syumaer (worn) {Dex+3}
   (You found it on level 2 of the Dungeon)

   Dex:       It affects your dexterity (+3).
Jewellery
 c - a +6 ring of intelligence
 i - a +4 ring of protection (left hand)
Scrolls
 a - a scroll of identify
 b - a scroll of vulnerability {unknown}
 f - 2 scrolls of teleportation
Potions
 d - 2 potions of mutation {unknown}
 k - a potion of cancellation {unknown}
 m - a potion of haste {unknown}

Dungeon Overview and Level Annotations

Branches:
Dungeon (4/15)
 Temple: D:4-7

Altars:
Yredelemnul

Shops:
D:4 (

Annotations:
D:4 1 runed translucent door, Crazy Yiuf, Dowan, Duvessa


Message History

You hit Dowan. Duvessa barely misses you. Dowan barely misses you.
You hit Duvessa but do no damage. You claw Duvessa, but do no damage.
Your peck misses Duvessa.
Duvessa is heavily wounded.
You hit Dowan.
Duvessa hits you with a +2 short sword of speed.
Dowan hits you with a +0 dagger.
Duvessa hits you with a +2 short sword of speed!
You closely miss Duvessa. You claw Duvessa. You peck Duvessa.
Duvessa is severely wounded.
You hit Dowan. Duvessa closely misses you. Dowan hits you but does no damage.
You barely miss Duvessa. Your kick misses Duvessa. Your peck misses Duvessa.
You punch Duvessa, but do no damage.
Duvessa is severely wounded.
You hit Dowan but do no damage. Duvessa hits you but does no damage.
Dowan hits you but does no damage.
Duvessa hits you with a +2 short sword of speed.
You completely miss Duvessa. You peck Duvessa, but do no damage.
Duvessa is severely wounded.
You hit Dowan. Duvessa barely misses you. Dowan hits you with a +0 dagger.
You hit Duvessa but do no damage. Your kick misses Duvessa.
Duvessa is severely wounded.
You hit Dowan.
Duvessa hits you with a +2 short sword of speed!
Dowan casts a spell at you. The puff of flame hits you.
3009 ||| READING 3 scrolls of teleportation.
As you read the scroll of teleportation, it crumbles to dust.
You feel strangely unstable. Duvessa barely misses you.
Duvessa hits you with a +2 short sword of speed.
Dowan hits you but does no damage.
You hit Duvessa. You burn Duvessa. You claw Duvessa.
Duvessa is almost dead.
You hit Dowan. You burn Dowan.
Duvessa hits you with a +2 short sword of speed.
You die...

###.###+#######
#..........)..####
#.................
###.................
#...................
#...................
#...................
#......[............
#.e@............####
#.e##\##..........##
#..#...#........#.##
#..#(..#.####.###.##
#..#..(#.# #.# #...
#..#...# #.# #...
#..#...# ####.# #...
#..#(((###....###.##
#####............


You could see Duvessa and Dowan.

Vanquished Creatures
  A scorpion (D:4)
  2 jellies (D:4)
  2 hounds (D:4)
  4 adders
  A worm (D:2)
  A dart slug (D:3)
  3 orcs (D:3)
  6 bats
  4 endoplasms
  6 giant cockroaches
  4 goblins
  3 hobgoblins
  4 jackals (D:2)
  5 kobolds
  4 quokkas (D:1)
  3 training dummies (D:4)
  8 ball pythons
  7 frilled lizards
  10 rats
78 creatures vanquished.

Notes
Turn   | Place    | Note
-------+----------+-------------------------------------------
     0 | D:1      | qw the Tengu Warper began the quest for the Orb.
     0 | D:1      | Reached XP level 1. HP: 12/12 MP: 4/4
     0 | D:1      | 0 ||| qw: Version: 0.1-a-89-g26bdef1
     0 | D:1      | 0 ||| qw: Game counter: 2644
     0 | D:1      | 0 ||| qw: Always use a shield: true
     0 | D:1      | 0 ||| qw: God list: Okawaru
     0 | D:1      | 0 ||| qw: Allow faded altars: false
     0 | D:1      | 0 ||| qw: Do Orc after D:15 true
     0 | D:1      | 0 ||| qw: Do second Lair branch before Depths: true
     0 | D:1      | 0 ||| qw: Lair rune preference: random
     0 | D:1      | 0 ||| qw: Plans: Normal
     0 | D:1      | 0 ||| PLANNING D:1-11
    89 | D:1      | 89 ||| Stepping ~*~*~tactically~*~*~ (stealth).
    93 | D:1      | 93 ||| Stepping ~*~*~tactically~*~*~ (stealth).
   102 | D:1      | Reached XP level 2. HP: 17/17 MP: 6/6
   107 | D:1      | Reached skill level 3 in Axes
   436 | D:1      | 436 ||| Stepping ~*~*~tactically~*~*~ (stealth).
   441 | D:1      | Reached XP level 3. HP: 21/21 MP: 7/7
   587 | D:1      | Reached skill level 4 in Axes
   661 | D:1      | 661 ||| UPGRADING to +0 pair of gloves.
   666 | D:1      | 666 ||| READING 4 scrolls labelled ACIOSA KIPHO.
   667 | D:1      | 667 ||| READING scroll labelled KUXKUX WEMP.
   672 | D:1      | 672 ||| READING scroll labelled UBIM TULUM.
   673 | D:1      | 673 ||| READING 3 scrolls of identify.
   673 | D:1      | 673 ||| IDENTIFYING clear potion
   674 | D:1      | 674 ||| READING 2 scrolls of identify.
   674 | D:1      | 674 ||| IDENTIFYING lumpy orange potion
   675 | D:1      | 675 ||| DROPPING scroll of blinking.
   676 | D:1      | 676 ||| DROPPING potion of flight.
   677 | D:1      | 677 ||| DROPPING potion of degeneration.
   715 | D:2      | Found a faded altar of an unknown god.
   718 | D:2      | 718 ||| Stepping ~*~*~tactically~*~*~ (water).
  1079 | D:2      | 1079 ||| Stepping ~*~*~tactically~*~*~ (stealth).
  1233 | D:2      | 1233 ||| Stepping ~*~*~tactically~*~*~ (stealth).
  1316 | D:2      | Reached XP level 4. HP: 26/26 MP: 8/8
  1339 | D:2      | Found a basalt altar of Yredelemnul.
  1354 | D:2      | Identified the +0 leather armour of Haot {Str+4}
  1408 | D:2      | Identified the +0 chain mail of Syumaer {Dex+3}
  1497 | D:2      | 1497 ||| UPGRADING to +0 leather armour of Haot {Str+4}.
  1507 | D:2      | 1507 ||| DROPPING +0 leather armour.
  1508 | D:2      | 1508 ||| UPGRADING to +0 chain mail of Syumaer {Dex+3}.
  1518 | D:2      | 1518 ||| DROPPING +0 leather armour of Haot {Str+4}.
  1519 | D:2      | 1519 ||| READING scroll labelled BEWUOXZUATT.
  1520 | D:2      | 1520 ||| READING scroll labelled MITI DEUCVO.
  1699 | D:3      | Reached skill level 5 in Axes
  1752 | D:3      | 1752 ||| Stepping ~*~*~tactically~*~*~ (stealth).
  1775 | D:3      | 1775 ||| FLEEEEING.
  2080 | D:3      | 2080 ||| Stepping ~*~*~tactically~*~*~ (hiding).
  2381 | D:3      | 2381 ||| UPGRADING to +4 ring of protection.
  2382 | D:3      | 2382 ||| READING scroll labelled OPLEYVUTUN.
  2383 | D:3      | 2383 ||| READING scroll labelled KOSASUS USEU.
  2384 | D:3      | 2384 ||| READING scroll labelled RIAWKI RUME.
  2385 | D:3      | 2385 ||| DROPPING +0 whip.
  2386 | D:3      | 2386 ||| READING scroll labelled ISHUPN LIEBRU.
  2387 | D:3      | 2387 ||| READING 2 scrolls of identify.
  2387 | D:3      | 2387 ||| IDENTIFYING smoky yellow potion
  2388 | D:3      | 2388 ||| DROPPING potion of attraction.
  2389 | D:3      | 2389 ||| READING 4 scrolls of teleportation.
  2410 | D:4      | 2410 ||| STAIRDANCE
  2448 | D:4      | Found a runed translucent door.
  2449 | D:4      | Noticed Crazy Yiuf
  2507 | D:4      | Gained mutation: Your magical nature lets you fly swiftly
                  | and evasively. [Tengu growth]
  2507 | D:4      | Reached XP level 5. HP: 30/30 MP: 9/9
  2543 | D:4      | Reached skill level 6 in Axes
  2794 | D:4      | Reached XP level 6. HP: 26/35 MP: 10/10
  2906 | D:4      | Found Marchiath's Firing Range.
  2991 | D:4      | Noticed Dowan
  2992 | D:4      | 2992 ||| Stepping ~*~*~tactically~*~*~ (hiding).
  2997 | D:4      | Noticed Duvessa
  3008 | D:4      | HP: 5/35 [Dowan/puff of flame (4)]
  3009 | D:4      | 3009 ||| READING 3 scrolls of teleportation.
  3010 | D:4      | Slain by Duvessa

Levels and vault maps discovered:
D:1:      dpeg_arrival_prison, layout_basic
D:2:      layout_basic, nicolae_ecumenical_lake_church, basic_altar
D:3:      layout_basic
D:4:      layout_basic, nicolae_shop_firing_range, uniq_crazy_yiuf_cottage,
          uniq_duvessa

Skill      XL: |  1  2  3  4  5 |
---------------+----------------+-----
Axes           | 3 4 5 6 |  6.9
Armour         | 2 |  2.1
Fighting       | |  2.0
Throwing       | |  1.0
Dodging        | |  2.1
Spellcasting   | |  2.0
Translocations | |  2.4

Action                   |  1- 3 |  4- 6 || total
-------------------------+-------+-------++-------
Melee: Hand axe          |    88 |    88 ||   176
       Kick              |    19 |    20 ||    39
       Peck              |     7 |    15 ||    22
       Punch             |       |     1 ||     1
Throw: Boomerang         |     7 |       ||     7
  Use: Scroll            |     5 |     9 ||    14
Armor: Leather armour    |    22 |     2 ||    24
       Chain mail        |       |    38 ||    38
Dodge: Dodged            |    41 |    33 ||    74

Table legend:
 A = Non-vault XP
 B = Vault XP
 C = Vault XP percentage of total XP
 D = Non-vault monster count
 E = Vault monster count
 F = Vault count percentage of total count
                 A         B        C        D         E       F
            +---------+---------+-------+---------+---------+-------
      Total |     413 |      11 |   2.6 |      72 |       6 |   7.7
            +---------+---------+-------+---------+---------+-------
        D:1 |      40 |       5 |  11.1 |      26 |       3 |  10.3
        D:2 |      57 |       0 |   0.0 |      20 |       0 |   0.0
        D:3 |      45 |       0 |   0.0 |      18 |       0 |   0.0
        D:4 |     271 |       6 |   2.2 |       8 |       3 |  27.3
            +---------+---------+-------+---------+---------+-------
